Description

.

Build Order

Why is there no SALT encoding or Overwolf build?

    0:20  Pylon  
    0:40  Gateway  
    0:45  Assimilator  
    0:55  Assimilator  Maked by created probe
    1:15  Gateway  this probe go scout
    1:25  Cybernetics Core  
    1:35  Pylon  In Mayn
    2:20  Pylon  in Natural
    2:50  Nexus  
    2:55  Shield Battery  
    3:10  Pylon  
    3:40  Forge  
    4:10  Protoss Ground Weapons Level 1  
    4:40  Assimilator x2  
    4:45  Twilight Council  
    5:00  Robotics Facility  1.Obs 2.WarpPrism
    5:10  Gateway x2  
    5:25  Templar Archives  
    5:30  Charge  
    5:35  Gateway x2  
    6:00  Protoss Ground Weapons Level 2  
    6:05  Gateway x2  
    6:10  Nexus, Pylon  
Spawning Tool Build Advisor. Get it on Overwolf

Go to:

Details

  • Created by: Krzysztof2003
  • Published on: Feb 04, 2020
  • Modified on: Feb 04, 2020
  • Patch: 4.11.0
Show

Export as new Build Order

Comments (0)

There are no comments. Be the first!

Create an account to comment!